 Dungeon Crawl Stone Soup version 0.28-a0-622-gbaef9634d7 (webtiles) character file.

Game seed: 9276010240760707449

32 Anon1729 the Chopper (level 3, -1/33 HPs)
             Began as a Minotaur Monk on Oct 7, 2021.
             Slain by Jessica (10 damage)
             ... on level 2 of the Dungeon.
             The game lasted 00:01:27 (1428 turns).

Anon1729 the Chopper (Minotaur Monk)                Turns: 1428, Time: 00:01:28

Health: -1/33      AC:  5    Str: 16    XL:     3   Next: 10%
Magic:  2/2        EV: 11    Int:  7    God:
Gold:   25         SH:  0    Dex: 12    Spells: 2/2 levels left

rFire   . . .      SeeInvis .   h - +0 hand axe (vorpal)
rCold   . . .      Faith    .   (no shield)
rNeg    . . .      Spirit   .   e - +0 ring mail
rPois   .          Reflect  .   (helmet restricted)
rElec   .          Harm     .   (no cloak)
rCorr   .          Rampage  .   (no gloves)
Will    .....                   (no boots)
Stlth   +.........              (no amulet)
HPRegen 0.11/turn               (no ring)
MPRegen 0.08/turn               (no ring)

@: no status effects
A: horns 2, retaliatory headbutt
a: no special abilities


You were on level 2 of the Dungeon.
You visited 1 branch of the dungeon, and saw 2 of its levels.

You collected 25 gold pieces.

Inventory:

Hand Weapons
 h - a +0 vorpal hand axe (weapon)
Armour
 b - a +0 robe
 e - a +0 ring mail (worn)
Scrolls
 a - a scroll of identify {unknown}
 c - 2 scrolls of holy word {unknown}
 d - a scroll of enchant armour {unknown}
Potions
 f - a potion of brilliance {unknown}
 g - a potion of curing {unknown}


   Skills:
 + Level 4.0 Fighting
 * Level 4.3 Axes
 + Level 1.2 Armour
 + Level 3.6 Dodging
 - Level 1.6 Stealth


You had 2 spell levels left.
You didn't know any spells.
Your spell library contained the following spells:

 Spells                   Type           Power      Damage    Failure   Level
 Conjure Flame            Conj/Fire      0%         6-21      95%         3
 Ignite Poison            Fire/Tmut/Pois 0%         N/A       95%         3
 Sticky Flame             Conj/Fire      0%         2d3       100%        4


Dungeon Overview and Level Annotations

Branches:
Dungeon (2/15)

Altars:

Annotations:
D:1 Terence
D:2 Jessica


Innate Abilities, Weirdness & Mutations

You have a pair of horns on your head.
You reflexively headbutt those who attack you in melee.


Message History

No target in view!
No target in view!
No target in view!
No target in view!
No target in view!
No target in view!
Things that are here:
a +0 dagger; a goblin corpse
Found 16 stones.
No target in view!
You see here 16 stones.
Found a scale mail.
Found a stone staircase leading up.
There is a stone staircase leading up here.
Found 21 stones.
You now have 25 gold pieces (gained 11).
a - a scroll labelled GEZIYM ZEDEUVA No target in view!
No target in view!
No target in view!
No target in view!
Jessica the Apprentice Sorceress comes into view.
She is wielding a +3 dagger of electrocution and wearing a +1 robe of cold resistance.
Jessica shouts!
Jessica is nearby!
Jessica is nearby!
A quokka comes into view.
Jessica drinks a potion.
Jessica seems to grow stronger.
You slash the quokka!
You kill the quokka!
Jessica casts a spell at you. Pain shoots through your body!
Your Fighting skill increases to level 4!
A quokka comes into view.
Found a stone staircase leading down.
Jessica hits you with a +3 dagger of electrocution!
You hit Jessica but do no damage. You barely miss the quokka.
Jessica hits you with a +3 dagger of electrocution!
* * * LOW HITPOINT WARNING * * *
You are electrocuted!
You die...

#........##....#
#.......#.........#..###
#.......#......###...#
#.......######.# #...#
#.......# #.###..##
.......# #....###
...$.######.####
#.###............#
#....@@..#..#.##.#
#####r##.#..#.# # #>
#......# #. ###..### #.
#..... #. ...#### ##
####


You could see Jessica (strong) and a quokka.

Vanquished Creatures
  A dart slug (D:1)
  5 bats
  2 endoplasms (D:1)
  3 hobgoblins
  2 kobolds (D:1)
  2 quokkas
  2 ball pythons (D:1)
  3 frilled lizards (D:1)
  6 goblins
  2 rats (D:1)
28 creatures vanquished.

Notes
Turn   | Place    | Note
-------+----------+-------------------------------------------
     0 | D:1      | Anon1729 the Minotaur Monk began the quest for the Orb.
     0 | D:1      | Reached XP level 1. HP: 19/19 MP: 0/0
   170 | D:1      | Reached XP level 2. HP: 20/27 MP: 1/1
   390 | D:1      | Reached skill level 1 in Armour
   448 | D:1      | Found a faded altar of an unknown god.
   979 | D:2      | Noticed Terence
  1017 | D:2      | Reached XP level 3. HP: 6/33 MP: 2/2
  1424 | D:2      | Noticed Jessica
  1428 | D:2      | Slain by Jessica

Illustrated notes

Levels and vault maps discovered:
D:1:      mrwooster_arrival_arrow, layout_loops_ring,
          hellmonk_ecumenical_altar_arch_garden, minmay_strange_pillars
D:2:      layout_loops_cross, uniq_jessica, uniq_terence

Skill      XL: |  1  2  3 |
---------------+----------+-----
Axes           | 4 |  4.3
Armour         | 1 |  1.2
Fighting       | 4 |  4.0
Dodging        | |  3.6
Stealth        | |  1.6

Action                   || total
-------------------------++-------
Melee: Hand axe          ||    66
       Headbutt          ||     4
 Stab: Sleeping          ||     1
Armor: Robe              ||     2
       Ring mail         ||    14
Dodge: Dodged            ||    46

Table legend: (Time is in decaauts)
 A = Elapsed time spent in this place.
 B = Non-inter-level travel time spent in this place.
 C = Inter-level travel time spent in this place.
 D = Time resting spent in this place.
 E = Time spent auto-exploring this place.
 F = Levels seen in this place.
 G = Mean time per level.
                   A        B        C        D        E       F      G
               +--------+--------+--------+--------+--------+-----+--------+
         Total |   1435 |   1377 |     58 |    241 |    913 |   2 |  717.5 |
       Dungeon |   1435 |   1377 |     58 |    241 |    913 |   2 |  717.5 |
               +--------+--------+--------+--------+--------+-----+--------+

Top non-repeatable levels by time:
     D:1: 1003 daAuts
     D:2: 431 daAuts
